[Event "Titled Tuesday Blitz March 21 Early 2023"]
[White "Urazayev, Arystanbek"]
[Black "Salimova, Nurgyul"]
[WhiteFideId "13709810"]
[BlackFideId "2915138"]
[WhiteElo "2479"]
[BlackElo "2314"]
[Result "0-1"]
[Round "09"]
[TimeControl "180+2"]
[Date "2023.03.21"]
[WhiteClock "0:00:01"]
[BlackClock "0:00:04"]

1. d4 Nf6 2. c4 e6 3. Nf3 d5 4. g3 dxc4 5. Bg2 a6 6. Ne5 c5 7. Na3 cxd4 8. Naxc4 Bb4+ 9. Bd2 Bxd2+ 10. Qxd2 O-O 11. O-O Nc6 12. Nxc6 bxc6 13. Bxc6 Rb8 14. b3 Qc7 15. Bf3 e5 16. Rac1 Bh3 17. Rfd1 Qe7 18. e4 Nd7 19. Qe2 g6 20. Na5 Qa3 21. Nc6 Rbc8 22. b4 Kg7 23. Bg4 Bxg4 24. Qxg4 Nb8 25. Rc5 Rxc6 26. Rxe5 Qxb4 27. Rd5 Rc4 28. Qf4 Nc6 29. e5 Re8 30. Qf6+ Kg8 31. Rd6 Nxe5 32. Kg2 Qb7+ 33. Kh3 Qe4 34. Rd3 Qxd3 35. Rd8 Rxd8 0-1


[Site "https://www.chess.com"]

[Event "Titled Tuesday Blitz March 21 Early 2023"]
[White "Liyanage, Ranindu Dilshan"]
[Black "Sarana, Alexey"]
[WhiteFideId "9915834"]
[BlackFideId "24133795"]
[WhiteElo "2199"]
[BlackElo "2714"]
[Result "0-1"]
[Round "09"]
[TimeControl "180+2"]
[Date "2023.03.21"]
[WhiteClock "0:00:08"]
[BlackClock "0:00:19"]

1. e4 e5 2. Nc3 Nf6 3. Nf3 Nc6 4. d4 Bb4 5. Nxe5 Nxe4 6. Qg4 Nxc3 7. Qxg7 Rf8 8. a3 Nxd4 9. axb4 Nxc2+ 10. Kd2 Nxa1 11. Kxc3 Qe7 12. Bh6 a5 13. b5 Qb4+ 14. Kd3 d5 15. Qxf8+ Qxf8 16. Bxf8 Kxf8 17. Kc3 a4 18. Bd3 Nb3 19. Bxh7 Be6 20. Bc2 Nc5 21. h4 Nd7 22. Nxd7+ Bxd7 23. Bd3 c5 24. bxc6 bxc6 25. Kd4 Rb8 26. Kc3 Rb3+ 27. Kc2 c5 28. Rd1 Be6 29. f3 c4 30. Bf1 Bf5+ 31. Kc1 a3 32. bxa3 Rb1+ 33. Kd2 c3+ 0-1


[Site "https://www.chess.com"]

[Event "Titled Tuesday Blitz March 21 Early 2023"]
[White "Praggnanandhaa R"]
[Black "Perez Gormaz, Matias"]
[WhiteFideId "25059530"]
[BlackFideId "3406342"]
[WhiteElo "2623"]
[BlackElo "2362"]
[Result "1-0"]
[Round "09"]
[TimeControl "180+2"]
[Date "2023.03.21"]
[WhiteClock "0:01:53"]
[BlackClock "0:00:02"]

1. Nf3 d5 2. e3 Nf6 3. c4 e6 4. b3 Be7 5. Bb2 O-O 6. g4 dxc4 7. Bxc4 a6 8. g5 Nd5 9. h4 b5 10. Be2 Bb7 11. Nc3 Nb4 12. d4 c5 13. dxc5 Bxc5 14. a3 Qxd1+ 15. Rxd1 Nc2+ 16. Kf1 Nxa3 17. Kg2 Nc6 18. Rd7 Rab8 19. Ne4 Bb4 20. h5 Rfd8 21. Rxd8+ Nxd8 22. Rh4 Be7 23. h6 gxh6 24. Nf6+ Bxf6 25. Bxf6 hxg5 26. Rh5 Nc6 27. Rxg5+ Kf8 28. Kh2 Ne7 29. Ne5 Ke8 30. Rg7 Nd5 31. Rg8# 1-0


[Site "https://www.chess.com"]

[Event "Titled Tuesday Blitz March 21 Early 2023"]
[White "Ibarra Jerez, Jose Carlos"]
[Black "Matinian, Nikita"]
[WhiteFideId "2226332"]
[BlackFideId "24129100"]
[WhiteElo "2638"]
[BlackElo "2422"]
[Result "1-0"]
[Round "09"]
[TimeControl "180+2"]
[Date "2023.03.21"]
[WhiteClock "0:00:17"]
[BlackClock "0:00:04"]

1. Nf3 Nf6 2. g3 g6 3. b3 Bg7 4. Bb2 d6 5. d4 a5 6. c4 a4 7. bxa4 O-O 8. Bg2 Nbd7 9. Nc3 Nb6 10. Qb3 Bd7 11. a5 Rxa5 12. O-O Qc8 13. Rfc1 Bh3 14. Bh1 Rh5 15. c5 dxc5 16. dxc5 Nbd7 17. c6 bxc6 18. a4 e5 19. Ba3 Re8 20. Nd2 Be6 21. Qc2 Nd5 22. Nxd5 cxd5 23. Qxc7 Qa6 24. Bf3 Rh6 25. Rc6 Qxa4 26. Bb2 Qb5 27. Rb1 Rb8 28. Bc1 Qxb1 29. Nxb1 Rxb1 30. Rxe6 fxe6 31. Kg2 Rxc1 32. Qxc1 e4 33. Bg4 Nf8 34. Qc8 g5 35. Qd8 Rf6 36. e3 h6 37. Qe7 Kh7 38. Qe8 Kg8 39. f3 exf3+ 40. Bxf3 Rf5 41. e4 dxe4 42. Bxe4 Rf6 43. Qe7 Rf7 44. Qe8 Rc7 45. Bg6 Rb7 46. Be4 Rb2+ 47. Kh3 Rf2 48. Bd3 Rf6 49. Kg2 1-0


[Site "https://www.chess.com"]

[Event "Titled Tuesday Blitz March 21 Early 2023"]
[White "Costachi, Mihnea"]
[Black "Bronstein, Or"]
[WhiteFideId "1217518"]
[BlackFideId "2815770"]
[WhiteElo "2456"]
[BlackElo "2356"]
[Result "0-1"]
[Round "09"]
[TimeControl "180+2"]
[Date "2023.03.21"]
[WhiteClock "0:00:58"]
[BlackClock "0:00:37"]

1. Nc3 d5 2. d4 Nf6 3. Bf4 a6 4. e3 e6 5. g4 c5 6. g5 Nfd7 7. h4 b5 8. Nf3 b4 9. Ne2 a5 10. Ng3 Ba6 11. h5 Bxf1 12. Kxf1 Nc6 13. c3 a4 14. Kg2 a3 15. bxa3 Rxa3 16. cxb4 Nxb4 17. g6 h6 18. gxf7+ Kxf7 19. Nh4 Be7 20. Ng6 Re8 21. Qg4 Bf6 22. Ne5+ Nxe5 23. dxe5 Bg5 24. Rhc1 c4 25. Rab1 Nd3 26. Rc2 Kg8 27. Rb7 Ne1+ 28. Kh2 Nxc2 29. Ne2 Rxa2 30. Nc3 Ra1 31. Nb5 Re7 32. Bxg5 hxg5 33. Qxg5 Qf8 34. Rb8 Qxb8 35. Qxe7 Qxe5+ 36. Kg2 Ne1+ 37. Kh3 Qxh5+ 38. Kg3 Qf3+ 39. Kh4 Ng2+ 40. Kg5 Qf5# 0-1


[Site "https://www.chess.com"]

[Event "Titled Tuesday Blitz March 21 Early 2023"]
[White "Lewtak, Damian"]
[Black "Yeletsky, Ivan"]
[WhiteFideId "1141724"]
[BlackFideId "24180327"]
[WhiteElo "2302"]
[BlackElo "2414"]
[Result "0-1"]
[Round "09"]
[TimeControl "180+2"]
[Date "2023.03.21"]
[WhiteClock "0:00:15"]
[BlackClock "0:00:58"]

1. e4 Nf6 2. Nc3 d5 3. exd5 Nxd5 4. Nxd5 Qxd5 5. Qf3 c6 6. Qxd5 cxd5 7. b3 Bf5 8. d3 Nc6 9. Bb2 e6 10. a3 Rc8 11. Nf3 h5 12. O-O-O h4 13. Be2 f6 14. Kb1 Bc5 15. Rhf1 Kf7 16. h3 b5 17. d4 Be7 18. Rd2 b4 19. a4 Bd6 20. Bd3 Bf4 21. Rdd1 Ne7 22. Rfe1 Rc7 23. Bxf5 Nxf5 24. Re2 Nd6 25. Ne1 Ne4 26. Nd3 Bd6 27. Rde1 Re8 28. Ka1 g5 29. Bc1 a5 30. Be3 Rec8 31. Kb2 Kg6 32. f3 Ng3 33. Rd2 e5 34. dxe5 fxe5 35. Bf2 e4 36. Bxg3 Bxg3 37. Nf2 Be5+ 38. Kc1 Bf4 0-1


[Site "https://www.chess.com"]

[Event "Titled Tuesday Blitz March 21 Early 2023"]
[White "Nogerbek, Kazybek"]
[Black "Chernobay, Artem"]
[WhiteFideId "13710427"]
[BlackFideId "4167406"]
[WhiteElo "2501"]
[BlackElo "2474"]
[Result "1-0"]
[Round "09"]
[TimeControl "180+2"]
[Date "2023.03.21"]
[WhiteClock "0:00:59"]
[BlackClock "0:00:07"]

1. d4 Nf6 2. Nc3 d5 3. Bf4 a6 4. e3 Bf5 5. Bd3 e6 6. Nf3 Nbd7 7. O-O Be7 8. Re1 Ne4 9. Nd2 Nxc3 10. bxc3 Bxd3 11. cxd3 O-O 12. c4 dxc4 13. Nxc4 c5 14. dxc5 Nxc5 15. d4 Ne4 16. Qb1 Nc3 17. Qxb7 Nd5 18. Bg3 Rc8 19. Ne5 Bb4 20. Red1 Bc3 21. Rac1 Qa5 22. e4 Nb4 23. Nxf7 Nxa2 24. Be5 Rxf7 25. Qxc8+ Rf8 26. Qxe6+ Kh8 27. Qe7 1-0


[Site "https://www.chess.com"]

[Event "Titled Tuesday Blitz March 21 Early 2023"]
[White "Kobo, Ori"]
[Black "Itgelt, Khuyagtsogt"]
[WhiteFideId "2812320"]
[BlackFideId "4902912"]
[WhiteElo "2447"]
[BlackElo "2227"]
[Result "1-0"]
[Round "09"]
[TimeControl "180+2"]
[Date "2023.03.21"]
[WhiteClock "0:00:42"]
[BlackClock "0:00:02"]

1. e4 e5 2. Nf3 Nc6 3. Bb5 a6 4. Ba4 Nf6 5. d3 b5 6. Bb3 Be7 7. O-O O-O 8. a4 b4 9. a5 d6 10. Nbd2 Bd7 11. Nc4 Re8 12. c3 h6 13. h3 Bf8 14. Re1 Rb8 15. Bc2 Ne7 16. d4 exd4 17. cxd4 Ng6 18. e5 Nd5 19. Bd2 Be6 20. Ba4 Re7 21. Rc1 Bf5 22. Bc6 Ndf4 23. Ne3 Bc8 24. exd6 cxd6 25. Qc2 Rc7 26. Qb1 Qf6 27. Be4 Rxc1 28. Bxc1 Be6 29. d5 Bd7 30. b3 Re8 31. Bb2 Ne5 32. Nxe5 dxe5 33. Ng4 Bxg4 34. hxg4 Bc5 35. Qc2 Bd4 36. Bxd4 exd4 37. Bh7+ Kf8 38. Qc5+ Qe7 39. Rxe7 Rxe7 40. Qc8+ Re8 41. Qc5+ Re7 42. d6 Re1+ 43. Kh2 1-0


[Site "https://www.chess.com"]

[Event "Titled Tuesday Blitz March 21 Early 2023"]
[White "Ashraf, Artin"]
[Black "Rozman, Levy"]
[WhiteFideId "22514805"]
[BlackFideId "2039877"]
[WhiteElo "2188"]
[BlackElo "2376"]
[Result "0-1"]
[Round "09"]
[TimeControl "180+2"]
[Date "2023.03.21"]
[WhiteClock "0:00:09"]
[BlackClock "0:00:11"]

1. Nf3 d5 2. g3 Nf6 3. Bg2 Bf5 4. O-O e6 5. d3 h6 6. c4 c6 7. cxd5 cxd5 8. Qb3 Qb6 9. Qxb6 axb6 10. Nc3 Be7 11. Nd4 Bg6 12. e4 O-O 13. exd5 exd5 14. Rd1 Nc6 15. Be3 Rfd8 16. Nxc6 bxc6 17. Bxb6 Rdb8 18. Bd4 Rb4 19. Ne2 Bh5 20. Bc3 Rba4 21. Re1 Rxa2 22. Rxa2 Rxa2 23. Nd4 Bf8 24. Nxc6 Bg6 25. Ne5 Bf5 26. h3 Bc5 27. d4 Bb6 28. f3 Ra4 29. Nc6 Be6 30. Bf1 Bd7 31. Bb5 Bxc6 32. Bxc6 Bxd4+ 33. Bxd4 Rxd4 34. Re2 Rb4 35. Kf2 d4 36. Rc2 g5 37. Ke2 h5 38. g4 hxg4 39. hxg4 Kg7 40. Kd3 Kf8 41. Ba8 Ke7 42. Rc7+ Ke6 43. Rc2 Nd7 44. Be4 Kd6 45. Kd2 Ne5 46. Rc8 Rxb2+ 47. Kc1 Rf2 48. Rd8+ Ke6 49. Rxd4 Nxf3 50. Ra4 Ne5 51. Ra6+ Ke7 52. Bf5 Nc4 53. Ra7+ Kf6 54. Ra6+ Kg7 55. Ra7 Ne3 56. Bc8 Ng2 57. Kd1 Ne3+ 58. Ke1 Rf4 59. Ke2 Nxg4 60. Ba6 Ne5 61. Ke3 Rf6 62. Be2 g4 63. Ra4 Rg6 64. Kf4 f6 65. Ra7+ Kh6 66. Bf1 g3 67. Kf5 g2 68. Bxg2 Rxg2 69. Kxf6 Ng4+ 70. Kf5 Kh5 71. Rh7+ Nh6+ 72. Ke4 Ra2 73. Rb7 Ra4+ 74. Ke5 Ra5+ 75. Kd4 Ra1 76. Ke4 Ng4 77. Rg7 Ra4+ 78. Kd3 Ra3+ 79. Kc4 Kh6 80. Re7 Ra4+ 81. Kb5 Rf4 82. Re6+ Kg7 83. Re1 Kf6 84. Kc5 Ne5 85. Kd5 Nf3 86. Re6+ Kf5 87. Re8 Rd4+ 88. Kc5 Rd1 89. Rf8+ Ke4 90. Re8+ Ne5 91. Re7 Rc1+ 92. Kb5 Rb1+ 93. Kc5 Kf5 94. Re8 Rc1+ 95. Kb5 Nf7 96. Re2 Rb1+ 97. Kc5 Ng5 98. Rf2+ Ke6 99. Re2+ Kd7 100. Rd2+ Kc7 101. Rg2 Ne6+ 102. Kd5 Nf4+ 0-1


[Site "https://www.chess.com"]

[Event "Titled Tuesday Blitz March 21 Early 2023"]
[White "Aditya Mittal"]
[Black "Tregubov, Pavel V."]
[WhiteFideId "35042025"]
[BlackFideId "4115341"]
[WhiteElo "2396"]
[BlackElo "2425"]
[Result "1-0"]
[Round "09"]
[TimeControl "180+2"]
[Date "2023.03.21"]
[WhiteClock "0:00:56"]
[BlackClock "0:00:05"]

1. d4 Nf6 2. c4 e6 3. Nf3 Bb4+ 4. Bd2 Qe7 5. g3 Bxd2+ 6. Qxd2 Nc6 7. a3 d5 8. Nc3 O-O 9. Bg2 dxc4 10. Ne5 Nxe5 11. dxe5 Nd7 12. Qd4 Qc5 13. Qxc5 Nxc5 14. Rd1 Rb8 15. Rd4 b5 16. f4 Bb7 17. Bxb7 Rxb7 18. Kf2 Rfb8 19. Rhd1 Kf8 20. Kf3 Ke8 21. g4 Nb3 22. Rd7 c5 23. Rxb7 Rxb7 24. Ne4 Ke7 25. f5 Nd4+ 26. Kf4 exf5 27. gxf5 Nxe2+ 28. Ke3 Nd4 29. f6+ gxf6 30. exf6+ Kf8 31. Nxc5 Nf5+ 32. Kf4 1-0


[Site "https://www.chess.com"]

[Event "Titled Tuesday Blitz March 21 Early 2023"]
[White "Averjanov, Alexey"]
[Black "Tillyaev, Ulugbek"]
[WhiteFideId "14109867"]
[BlackFideId "14202441"]
[WhiteElo "2818"]
[BlackElo "2377"]
[Result "1-0"]
[Round "09"]
[TimeControl "180+2"]
[Date "2023.03.21"]
[WhiteClock "0:01:52"]
[BlackClock "0:00:20"]

1. d4 Nf6 2. c4 e6 3. Nf3 b6 4. g3 Ba6 5. Nbd2 Bb4 6. Qc2 c6 7. Bg2 d5 8. O-O O-O 9. b3 Nbd7 10. e4 dxe4 11. Nxe4 Be7 12. Bb2 Qc7 13. Rad1 Rad8 14. Ne5 Bb7 15. Ng5 h6 16. Nexf7 hxg5 17. Nxg5 Qd6 18. Bh3 Rfe8 19. Bxe6+ Kf8 20. Qh7 1-0


[Site "https://www.chess.com"]

[Event "Titled Tuesday Blitz March 21 Early 2023"]
[White "Real_OceanStorm"]
[Black "Domingo Nunez, Ruben"]
[BlackFideId "22245570"]
[WhiteElo "2815"]
[BlackElo "2404"]
[Result "0-1"]
[Round "09"]
[TimeControl "180+2"]
[Date "2023.03.21"]
[WhiteClock "0:01:05"]
[BlackClock "0:00:07"]

1. e4 g6 2. d4 Bg7 3. c4 c6 4. Nc3 d6 5. f4 Nd7 6. Nf3 e6 7. e5 d5 8. b3 f6 9. cxd5 exd5 10. Ba3 Nh6 11. Qd2 Qa5 12. Bb2 O-O 13. Ne2 Qxd2+ 14. Kxd2 fxe5 15. dxe5 Nc5 16. Ng5 Ng4 17. Bd4 Ne6 18. Nxe6 Bxe6 19. h3 Nh6 20. g4 b6 21. Bb2 c5 22. Bg2 Rad8 23. Kc2 d4 24. Be4 Bd5 25. Bxd5+ Rxd5 26. Kd3 g5 27. Bc1 gxf4 28. Bxf4 Nf7 29. e6 Ne5+ 30. Bxe5 Rxe5 31. Raf1 Re3+ 32. Kd2 Bh6 33. h4 Rxf1 34. Rxf1 Rf3+ 35. Ke1 Bd2+ 36. Kxd2 Rxf1 37. g5 Kf8 38. b4 Ke7 39. h5 Kxe6 40. bxc5 bxc5 41. a4 Ke5 42. g6 hxg6 43. hxg6 Rf6 44. Nc1 c4 45. g7 Rg6 46. Na2 Rg2+ 47. Kd1 Rxg7 48. Nb4 Rg2 49. Kc1 Kd6 50. a5 Kc5 51. Na6+ Kb5 52. Nc7+ Kxa5 53. Nd5 Kb5 54. Nf4 Rh2 55. Ng6 c3 56. Ne5 Kb4 57. Nf3 Rh1+ 58. Kc2 Kc4 59. Ne5+ Kd5 60. Nd3 Rh2+ 61. Kb3 Rb2+ 62. Ka4 Rb1 63. Nf4+ Ke4 64. Ne2 c2 65. Ng3+ Kf3 66. Nf5 c1=Q 67. Nxd4+ Kg4 68. Ne2 Qc4+ 0-1


[Site "https://www.chess.com"]

[Event "Titled Tuesday Blitz March 21 Early 2023"]
[White "Popov, Mikhail"]
[Black "Fier, Alexandr"]
[WhiteFideId "4146182"]
[BlackFideId "2107139"]
[WhiteElo "2270"]
[BlackElo "2610"]
[Result "1-0"]
[Round "09"]
[TimeControl "180+2"]
[Date "2023.03.21"]
[WhiteClock "0:00:52"]
[BlackClock "0:01:12"]

1. d4 Nf6 2. Nf3 e6 3. Bg5 c5 4. Nc3 cxd4 5. Qxd4 Nc6 6. Qh4 Be7 7. e4 d6 8. O-O-O Qa5 9. Bb5 a6 10. Bxc6+ bxc6 11. e5 dxe5 12. Rhe1 O-O 13. Nxe5 Qc7 14. f4 Re8 15. Rd3 Nd5 16. Nxd5 cxd5 17. Rg3 Bf8 18. Bf6 g6 19. Rh3 h6 20. Qxh6 1-0


[Site "https://www.chess.com"]

[Event "Titled Tuesday Blitz March 21 Early 2023"]
[White "Kim, Sergey"]
[Black "Kilic, Eray"]
[WhiteFideId "13700570"]
[BlackFideId "44517173"]
[WhiteElo "2609"]
[BlackElo "2328"]
[Result "0-1"]
[Round "09"]
[TimeControl "180+2"]
[Date "2023.03.21"]
[WhiteClock "0:00:20"]
[BlackClock "0:00:28"]

1. d4 Nf6 2. c4 g6 3. Nc3 d5 4. cxd5 Nxd5 5. e4 Nxc3 6. bxc3 Bg7 7. Bc4 c5 8. Ne2 O-O 9. O-O Nc6 10. Be3 b6 11. Qd2 Bb7 12. Rad1 Na5 13. Bd3 cxd4 14. cxd4 Rc8 15. Bh6 Qd7 16. Bxg7 Kxg7 17. Qg5 Qe6 18. Nf4 Qxa2 19. Qxe7 Rfe8 20. Qg5 Kh8 21. d5 Qb2 22. Rfe1 Qe5 23. Qh6 Qg7 24. Qg5 Qe5 25. Qh6 Nb3 26. h4 Nc5 27. Bb1 a5 28. Nh3 a4 29. Qe3 Kg7 30. f4 Qb2 31. Rd2 Qb3 32. Qd4+ Kg8 33. Ng5 h6 34. Nf3 Rcd8 35. Qf6 Nd7 36. Qd4 Nc5 37. Qf6 Nd7 38. Qd4 Qb5 39. Kh2 a3 40. Ba2 Qc5 41. Qd3 Nf6 42. Ne5 Rxe5 43. fxe5 Ng4+ 44. Kg3 Nxe5 45. Qe3 Qd6 46. Kf2 Ng4+ 0-1


[Site "https://www.chess.com"]

[Event "Titled Tuesday Blitz March 21 Early 2023"]
[White "Richter, Nils"]
[Black "Galchenko, Matvey"]
[WhiteFideId "12990809"]
[BlackFideId "24175480"]
[WhiteElo "2381"]
[BlackElo "2404"]
[Result "0-1"]
[Round "09"]
[TimeControl "180+2"]
[Date "2023.03.21"]
[WhiteClock "0:00:12"]
[BlackClock "0:00:37"]

1. e4 e6 2. d3 d5 3. Nd2 Nf6 4. Ngf3 c5 5. g3 Nc6 6. Bg2 Be7 7. O-O O-O 8. Re1 b5 9. e5 Nd7 10. Nf1 Bb7 11. h4 Qc7 12. N1h2 Ndxe5 13. Nxe5 Nxe5 14. Bf4 Bd6 15. h5 h6 16. Qd2 Rfe8 17. Bxe5 Bxe5 18. Ng4 Bd6 19. Re2 f5 20. Nxh6+ gxh6 21. Qxh6 Qf7 22. Rae1 Bf8 23. Qg5+ Kh7 24. Bh3 Kh8 25. g4 Bg7 26. gxf5 e5 27. h6 Bf6 28. Qd2 Rg8+ 29. Kf1 Qh5 30. Bg2 Rxg2 31. Kxg2 Rg8+ 0-1


[Site "https://www.chess.com"]

[Event "Titled Tuesday Blitz March 21 Early 2023"]
[White "Ingebretsen, Jens E"]
[Black "Lorparizangeneh, Shahin"]
[WhiteFideId "1522965"]
[BlackFideId "12521604"]
[WhiteElo "2213"]
[BlackElo "2526"]
[Result "1-0"]
[Round "09"]
[TimeControl "180+2"]
[Date "2023.03.21"]
[WhiteClock "0:00:50"]
[BlackClock "0:00:52"]

1. c4 e5 2. Nc3 Bb4 3. g3 Bxc3 4. bxc3 d6 5. Bg2 Nc6 6. d3 Be6 7. e3 Qd7 8. Ne2 h5 9. h3 h4 10. g4 f5 11. d4 Bxc4 12. gxf5 Qxf5 13. Qa4 d5 14. e4 Qh5 15. O-O Qxe2 16. exd5 b5 17. Qa6 Nce7 18. d6 cxd6 19. Bg5 Rd8 20. dxe5 Qxe5 21. Bxe7 Nxe7 22. Rfe1 Qf6 23. Qxa7 O-O 24. Rxe7 Qxf2+ 25. Qxf2 1-0


[Site "https://www.chess.com"]

[Event "Titled Tuesday Blitz March 21 Early 2023"]
[White "Molina, Roberto Junio Brito"]
[Black "Raahul V S"]
[WhiteFideId "2109450"]
[BlackFideId "25035525"]
[WhiteElo "2376"]
[BlackElo "2168"]
[Result "1-0"]
[Round "09"]
[TimeControl "180+2"]
[Date "2023.03.21"]
[WhiteClock "0:01:28"]
[BlackClock "0:01:36"]

1. d4 d5 2. c4 c6 3. Nf3 Nf6 4. Nc3 e6 5. Bg5 dxc4 6. e4 b5 7. e5 h6 8. Bh4 g5 9. Nxg5 hxg5 10. Bxg5 Nbd7 11. exf6 Bb7 12. g3 c5 13. d5 Qb6 14. Bg2 O-O-O 15. O-O b4 16. Na4 Qb5 17. a3 Nb8 18. axb4 cxb4 19. Qg4 Bxd5 20. Bxd5 Rxd5 21. h4 Nc6 22. Rfc1 Ne5 23. Qe4 Rd4 24. Qa8+ Qb8 25. Qxb8+ Kxb8 26. Bf4 Bd6 27. Kg2 Rg8 28. Rd1 Nd3 29. Bxd6+ Rxd6 30. Nc5 Rc8 31. Na6+ Rxa6 32. Rxa6 Nxb2 33. Rd7 c3 34. Raxa7 Rc4 35. Rdb7+ Kc8 36. Rxf7 Kb8 37. Rfb7+ Kc8 38. f7 1-0


[Site "https://www.chess.com"]

[Event "Titled Tuesday Blitz March 21 Early 2023"]
[White "benny_aizenberg"]
[Black "Nazari, Arad"]
[BlackFideId "12577324"]
[WhiteElo "2584"]
[BlackElo "2313"]
[Result "1-0"]
[Round "09"]
[TimeControl "180+2"]
[Date "2023.03.21"]
[WhiteClock "0:00:11"]
[BlackClock "0:00:02"]

1. e4 e6 2. d4 d5 3. Bd3 dxe4 4. Bxe4 Nf6 5. Bf3 c5 6. Ne2 Nc6 7. Be3 cxd4 8. Nxd4 Ne5 9. Nc3 a6 10. Qe2 Nxf3+ 11. Qxf3 Bb4 12. O-O-O Bxc3 13. Nc6 Qc7 14. Rd8+ Qxd8 15. Nxd8 Be5 16. Nxb7 Rb8 17. Nc5 Bxb2+ 18. Kd2 O-O 19. Nd3 Ba3 20. Rd1 Bb7 21. Qh3 Rbc8 22. f3 Rfd8 23. Bg5 Bb4+ 24. Ke3 Be7 25. Bxf6 Bxf6 26. Rb1 Bd5 27. Qg3 Bxa2 28. Rb7 Rxc2 29. Ne5 Rc3+ 30. Ke2 Bd5 31. Rd7 Rdc8 32. Nd3 Rc2+ 33. Ke3 h6 34. Qg4 R2c4 35. Qh5 Bd4+ 36. Kf4 Bf2+ 37. Ke5 f6+ 38. Kd6 R4c6+ 39. Ke7 R6c7 40. Nxf2 Rxd7+ 41. Kxd7 Ra8 42. Ng4 a5 43. Qg6 Kf8 44. Qh7 Ra7+ 45. Kd6 a4 46. Kc5 a3 47. Nxh6 a2 48. Qg8+ Ke7 49. Qxg7+ 1-0


[Site "https://www.chess.com"]

[Event "Titled Tuesday Blitz March 21 Early 2023"]
[White "Omelja, Artem"]
[Black "Weetik, Vjacheslav"]
[WhiteFideId "14119846"]
[BlackFideId "4153472"]
[WhiteElo "2404"]
[BlackElo "2469"]
[Result "0-1"]
[Round "09"]
[TimeControl "180+2"]
[Date "2023.03.21"]
[WhiteClock "0:00:14"]
[BlackClock "0:01:00"]

1. e4 c6 2. d3 d5 3. Nd2 g6 4. Ngf3 Bg7 5. g3 e5 6. Bg2 Ne7 7. O-O O-O 8. Re1 Nd7 9. c3 b6 10. a4 a5 11. b4 axb4 12. cxb4 d4 13. Ba3 Ba6 14. Qb3 b5 15. axb5 cxb5 16. Bb2 Nb6 17. Rec1 Na4 18. Bh3 Qd6 19. Rc2 Bc8 20. Bxc8 Rfxc8 21. Rac1 Bh6 22. Rxc8+ Rxc8 23. Rxc8+ Nxc8 24. Nb1 Ne7 25. Ne1 Nc6 26. Nc2 Bf8 27. Ba3 Qd7 28. f3 Bh6 29. Ne1 Qh3 30. Qc2 Be3+ 0-1


[Site "https://www.chess.com"]

[Event "Titled Tuesday Blitz March 21 Early 2023"]
[White "Hernandez Gonzalez, William"]
[Black "Petukhov, Dmitry"]
[WhiteFideId "3509915"]
[BlackFideId "4142748"]
[WhiteElo "2374"]
[BlackElo "2311"]
[Result "1/2-1/2"]
[Round "09"]
[TimeControl "180+2"]
[Date "2023.03.21"]
[WhiteClock "0:00:07"]
[BlackClock "0:00:08"]

1. e4 c5 2. Nf3 d6 3. d4 cxd4 4. Nxd4 Nf6 5. Nc3 Nc6 6. Bg5 Bd7 7. Qd2 Rc8 8. f3 Nxd4 9. Qxd4 Qa5 10. Be3 a6 11. Bc4 g6 12. Bb3 Bg7 13. O-O O-O 14. Qd2 Qc7 15. Kh1 b5 16. Bd4 b4 17. Nd5 Nxd5 18. Bxg7 Kxg7 19. Qxd5 Kg8 20. Qd2 a5 21. a4 Qc5 22. f4 Be6 23. f5 Bxb3 24. cxb3 Qc2 25. Qg5 Qxe4 26. Rae1 Qd4 27. Rxe7 Rc5 28. h3 Qxb2 29. Qg3 Qf6 30. Rd7 Rxf5 31. Rxf5 Qxf5 32. Rxd6 Re8 33. Kh2 Kg7 34. Rb6 Qe5 35. Rb5 Qxg3+ 36. Kxg3 Re3+ 37. Kf4 Rxb3 38. Rxa5 h5 39. Rb5 f6 40. Ke4 Rg3 41. Rxb4 Rxg2 42. Kd5 Rg3 43. h4 g5 44. a5 Ra3 45. Rb5 g4 46. Ke4 Kg6 47. Kf4 g3 48. Rb2 Rxa5 49. Kxg3 Ra3+ 50. Kh2 Re3 51. Rg2+ Kf5 52. Rf2+ Ke5 53. Ra2 Kf4 54. Rf2+ Rf3 55. Rg2 Kf5 56. Rg8 Rf4 57. Kh3 Rf1 58. Rg7 Rh1+ 59. Kg2 Rxh4 60. Kf3 Rh3+ 61. Kf2 Ra3 62. Rb7 Kg5 63. Rg7+ Kh4 64. Rf7 Ra6 65. Rg7 f5 66. Rg8 Ra4 67. Kf3 Rg4 68. Rf8 Kg5 69. Rg8+ Kf6 70. Rf8+ Kg6 71. Rg8+ Kf7 72. Rb8 h4 73. Rb6 Kg7 74. Rc6 h3 75. Rc2 Kg6 76. Rh2 Rh4 77. Kg3 Rg4+ 78. Kxh3 Kg5 79. Rf2 Kf6 80. Ra2 Ke5 81. Ra3 Rg8 82. Ra5+ Kf4 83. Ra4+ Kf3 84. Ra3+ Ke4 85. Ra4+ Ke5 86. Ra5+ Kf4 87. Ra4+ Kg5 88. Kg3 Rc8 89. Ra3 Rc4 90. Kf3 Rh4 91. Ra8 Rh3+ 92. Kg2 Rb3 93. Ra4 f4 94. Kf2 Rb2+ 95. Kf3 Rb3+ 96. Kf2 Kg4 97. Ra2 Rh3 98. Kg2 f3+ 99. Kg1 Rh5 100. Ra8 Re5 101. Rg8+ Kf4 102. Kf2 Re2+ 103. Kf1 Rh2 104. Rf8+ Ke4 105. Re8+ Kd3 106. Rd8+ Ke3 107. Re8+ Kf4 108. Rf8+ Ke4 109. Re8+ Kd4 110. Rd8+ Ke3 111. Re8+ Kf4 112. Rf8+ 1/2-1/2


[Site "https://www.chess.com"]

[Event "Titled Tuesday Blitz March 21 Early 2023"]
[White "Aradhya, Garg"]
[Black "Staudenhocker43"]
[WhiteFideId "25006746"]
[WhiteElo "2263"]
[BlackElo "2525"]
[Result "1/2-1/2"]
[Round "09"]
[TimeControl "180+2"]
[Date "2023.03.21"]
[WhiteClock "0:01:13"]
[BlackClock "0:00:34"]

1. d4 Nf6 2. c4 e6 3. Nf3 d5 4. Nc3 dxc4 5. e4 Bb4 6. Bxc4 Nxe4 7. O-O Nf6 8. Qa4+ Nc6 9. Ne5 Rb8 10. Nxc6 bxc6 11. Qxc6+ Qd7 12. Qxd7+ Bxd7 13. d5 Bxc3 14. dxe6 Bxe6 15. Bxe6 Bxb2 16. Bxb2 Rxb2 17. Bb3 O-O 18. Rac1 a5 19. Rxc7 a4 20. Bxa4 Rxa2 21. Bb3 Rb2 22. Bc4 Ng4 23. h3 Ne5 24. Bd5 Rd2 25. Bb3 Rd7 26. Rc5 Ng6 27. g3 Re7 28. h4 Rfe8 29. Kg2 h6 30. Rd1 Ne5 31. Re1 Kf8 32. Ba4 Ra8 33. Bb5 Nd7 34. Rxe7 Nxc5 35. Re3 Ne6 36. Bc4 Ke7 37. f4 Kf6 38. Bxe6 fxe6 39. Kf3 h5 40. Rc3 g6 41. Rc7 Ra3+ 42. Kg2 Ra2+ 43. Kh3 Re2 44. Rc8 Kf7 45. Rc6 Kg7 46. Rc7+ Kf6 47. Rc5 Kf7 48. Ra5 Kf6 49. Ra7 e5 50. Ra6+ Kf7 51. fxe5 Rxe5 52. Kg2 Re3 53. Ra4 Kg7 54. Rf4 Ra3 55. Rf3 Ra2+ 56. Kh3 Rb2 57. Re3 Ra2 58. Rb3 Rc2 59. Ra3 Rb2 60. Ra7+ Kh6 61. Ra4 Rc2 62. g4 Rc3+ 63. Kg2 hxg4 64. Rxg4 Kh5 65. Rg5+ Kxh4 66. Rxg6 Kh5 67. Rg3 Rxg3+ 68. Kxg3 1/2-1/2


[Site "https://www.chess.com"]

[Event "Titled Tuesday Blitz March 21 Early 2023"]
[White "Ter-Sahakyan, Samvel"]
[Black "Gontcharov, Vladislav"]
[WhiteFideId "13302531"]
[BlackFideId "4123492"]
[WhiteElo "2566"]
[BlackElo "2470"]
[Result "1-0"]
[Round "09"]
[TimeControl "180+2"]
[Date "2023.03.21"]
[WhiteClock "0:00:05"]
[BlackClock "0:00:08"]

1. d4 Nf6 2. c4 c5 3. d5 e6 4. Nc3 exd5 5. cxd5 d6 6. e4 g6 7. f4 Bg7 8. Bb5+ Nfd7 9. a4 Qh4+ 10. g3 Qe7 11. Nf3 O-O 12. O-O Na6 13. Kh1 Nb4 14. Bd3 Nf6 15. Kg2 Bg4 16. h3 Bxf3+ 17. Qxf3 Nxd3 18. Qxd3 Nd7 19. Bd2 a6 20. a5 Rab8 21. Rae1 b5 22. axb6 Rxb6 23. Bc1 a5 24. g4 Rb4 25. g5 f6 26. h4 fxg5 27. hxg5 a4 28. Re2 Re8 29. Rfe1 Nb6 30. f5 Be5 31. f6 Qd7 32. Qf3 Nc4 33. Rf1 Rf8 34. Rff2 Rf7 35. Bf4 Bxf4 36. Qxf4 Ne5 37. Re3 Qg4+ 38. Qg3 Rb3 39. Rfe2 a3 40. bxa3 Rxa3 41. Qxg4 Nxg4 42. Rg3 Ne5 43. Nb5 Ra6 44. Nc7 Ra7 45. Ne6 Rfb7 46. Rc3 Nf7 47. Rcc2 Rb4 48. Rb2 h6 49. Ra2 Rab7 50. Ra8+ Rb8 51. Rxb8+ Rxb8 52. gxh6 Nxh6 53. Ng5 Nf7 54. Ne6 Ne5 55. Ng5 Rf8 56. Rf2 c4 57. Kg3 c3 58. Rc2 Rxf6 59. Rxc3 Rf1 60. Rc7 Re1 61. Ne6 Rxe4 62. Rc8+ Kf7 63. Ng5+ Kf6 64. Nxe4+ Kf5 65. Nxd6+ Kf6 66. Ne4+ Ke7 67. Ra8 Nc4 68. Ra7+ Ke8 69. Kh4 Nb6 70. Nf6+ Kd8 71. Kg5 Nc8 72. Rd7# 1-0


[Site "https://www.chess.com"]